 Dungeon Crawl Stone Soup version 0.29.1-2-gbd0b4ee654 (webtiles) character file.

Game seed: 12628682368630881852

23 zeram the Chiller (level 2, -2/24 HPs)
             Began as a Troll Ice Elementalist on Nov 16, 2022.
             Slain by a gnoll
             ... wielding a +0 halberd
              (5 damage)
             ... on level 2 of the Dungeon.
             The game lasted 00:01:05 (901 turns).

zeram the Chiller (Troll Ice Elementalist)           Turns: 901, Time: 00:01:06

Health: -2/24      AC:  4    Str: 15    XL:     2   Next: 75%
Magic:  2/2        EV:  9    Int: 11    God:
Gold:   68         SH:  0    Dex: 10    Spells: 2/3 levels left

rFire   . . .      SeeInvis .   (no weapon)
rCold   . . .      Faith    .   (no shield)
rNeg    . . .      Spirit   .   a - +0 robe
rPois   .          Reflect  .   (helmet restricted)
rElec   .          Harm     .   (no cloak)
rCorr   .          Rampage  .   (gloves unavailable)
Will    .....                   (boots unavailable)
Stlth   +.........              (no amulet)
HPRegen 0.88/turn               (no ring)
MPRegen 0.08/turn               (no ring)

@: mighty
A: large, unfitting armour, claws 3, regeneration 1, shaggy fur 1, tough skin 1
a: no special abilities


You were on level 2 of the Dungeon.
You visited 1 branch of the dungeon, and saw 2 of its levels.

You collected 68 gold pieces.

Inventory:

Missiles
 g - 2 throwing nets
Armour
 a - a +0 robe (worn)
Potions
 b - a potion of magic
 f - a potion of lignification {unknown}


   Skills:
 + Level 1.7 Dodging
 - Level 1.0 Stealth
 + Level 1.3 Spellcasting
 + Level 3.5 Ice Magic


You had 2 spell levels left.
You knew the following spells:

 Your Spells              Type           Power      Damage    Failure   Level
a - Freeze                Ice            32%        1d5       8%          1

Your spell library contained the following spells:

 Spells                   Type           Power      Damage    Failure   Level
 Frozen Ramparts          Ice            16%        1d3       22%         3
 Ozocubu's Armour         Ice            8%         N/A       22%         3
 Hailstorm                Conj/Ice       4%         3d4       83%         4
 Fireball                 Conj/Fire      0%         3d3       100%        5
 Iskenderun's Battlesphe  Conj           0%         2d6       100%        5
 Conjure Ball Lightning   Conj/Air       0%         3x3d6     100%        6
 Orb of Destruction       Conj           0%         9d5       100%        7


Dungeon Overview and Level Annotations

Branches:
Dungeon (2/15)

Altars:


Innate Abilities, Weirdness & Mutations

You are too large for most types of armour.
You have claws for hands.
Your natural rate of healing is unusually fast.
You are covered in fur. (AC +1)
You have tough skin. (AC +1)


Message History

A rat is nearby!
A rat is nearby!
The rat bites you.
You closely miss the rat. The rat bites you but does no damage.
You claw the rat!
You kill the rat!
No target in view!
No target in view!
No target in view!
No target in view!
No target in view!
No target in view!
A gnoll comes into view. It is wielding a +0 halberd.
The gnoll shouts!
A gnoll comes into view. It is wielding a +0 whip.
There is an open door here.
There are monsters nearby!
There are monsters nearby!
There are monsters nearby!
Found a stone staircase leading down.
A gnoll comes into view. It is wielding a +2 spear of freezing.
The gnoll hits you with a +0 halberd.
You barely miss the gnoll. The gnoll hits you with a +0 halberd!
You aren't carrying any scrolls.
Unknown command.
It was a potion of might.
You feel very mighty all of a sudden. The gnoll barely misses you.
You closely miss the gnoll.
The gnoll shouts!
The gnoll hits you with a +0 halberd.
* * * LOW HITPOINT WARNING * * *
Unknown command.
You closely miss the gnoll. The gnoll hits you with a +0 halberd.
* * * LOW HITPOINT WARNING * * *
Unknown command.
You scratch the gnoll.
The gnoll is lightly wounded.
The gnoll hits you with a +0 halberd.
You die...

#......#
......#......#
.....> ......#
......##.....#
.............#####
....g....#........
.....g...#.#
......g..#.# ###
#.. #.@.#.# ..# #.#
#...#.####.# #.#
+..?'...##.# #.#
#...#.#.##.# #.#
#...#.#.##.# #.#
#...#.#.##.######.#
#####.#............
#.####.######..
#......# #..


You could see 3 gnolls.

Vanquished Creatures
  2 ball pythons (D:1)
  2 bats (D:1)
  An endoplasm (D:1)
  A giant cockroach (D:1)
  2 goblins (D:1)
  4 hobgoblins (D:1)
  A kobold (D:1)
  3 frilled lizards (D:1)
  6 rats
22 creatures vanquished.

Notes
Turn   | Place    | Note
-------+----------+-------------------------------------------
     0 | D:1      | zeram the Troll Ice Elementalist began the quest for the
                  | Orb.
     0 | D:1      | Reached XP level 1. HP: 16/16 MP: 1/1
    27 | D:1      | Reached skill level 3 in Ice Magic
   248 | D:1      | Reached XP level 2. HP: 24/24 MP: 2/2
   901 | D:2      | Slain by a gnoll

Illustrated notes

Levels and vault maps discovered:
D:1:      enne_arrival_octagon_isle, layout_basic, serial_bayou_pond_b
D:2:      layout_basic, ebering_ecumenical_altar_sacrificial, serial_shops,
          nicolae_shop_hallway_stairs

Skill      XL: |  1 |
---------------+----+-----
Ice Magic      | 3 |  3.5
Dodging        | |  1.7
Stealth        | |  1.0
Spellcasting   | |  1.3

Action                   || total
-------------------------++-------
Melee: Unarmed           ||    65
       Punch             ||     1
  Use: Scroll            ||     2
       Potion            ||     1
 Stab: Sleeping          ||     1
Armor: Robe              ||    35
Dodge: Dodged            ||    31
